 Dungeon Crawl Stone Soup version 0.21.1-1-g345015fe64 (webtiles) character file.

15473 Ivernyr the Transmogrifier (level 12, -1/72 HPs)
             Began as an Octopode Transmuter on Apr 7, 2018.
             Slain by a seven-headed hydra (11 damage)
             ... on level 9 of the Dungeon on Apr 8, 2018.
             The game lasted 00:58:03 (17354 turns).

Ivernyr the Transmogrifier (Octopode Transmuter)   Turns: 17354, Time: 00:58:05

Health: -1/72      AC:  1    Str: 11    XL:     12   Next: 27%
Magic:  20/22      EV: 21    Int: 26    God:
Gold:   632        SH:  0    Dex: 18    Spells: 11/24 levels left

rFire    + . .     SeeInvis .     - Unarmed
rCold    . . .     Gourm    .   (no shield)
rNeg     + . .     Faith    .   (helmet restricted)
rPois    +         Spirit   .   (no amulet)
rElec    .         Reflect  .   d - ring of positive energy
rCorr    .         Harm     .   o - ring of flight
MR       +....                  x - ring of protection from fire
Stlth    +++.......             y - +2 ring of strength
HPRegen  0.22/turn              D - ring of poison resistance
MPRegen  0.18/turn              E - ring of Unkigros {MR+ Int+5}
                                F - +6 ring of dexterity
                                (no ring)

@: very slightly contaminated
A: almost no armour, stealthy swim, amphibious, 8 rings, constrict 8, camouflage
1, gelatinous body 1
a: Evoke Flight


You were on level 9 of the Dungeon.
You were not hungry.

You visited 2 branches of the dungeon, and saw 11 of its levels.
You also visited: Sewer and Ossuary.

You collected 632 gold pieces.

Inventory:

Missiles
 a - 126 arrows
Jewellery
 d - a ring of positive energy (left tentacle)
 o - a ring of flight (right tentacle)
 x - a ring of protection from fire (on tentacle)
 y - a +2 ring of strength (on tentacle)
 D - a ring of poison resistance (on tentacle)
 E - the ring of Unkigros (on tentacle) {MR+ Int+5}
   (You found it on level 7 of the Dungeon)

   [ring of protection from magic]

   It affects your intelligence (+5).
   It affects your resistance to hostile enchantments.
 F - a +6 ring of dexterity (on tentacle)
Wands
 p - a wand of digging (33)
 v - a wand of iceblast (7)
 w - a wand of polymorph (12)
 A - a wand of paralysis (13)
 B - a wand of enslavement (10)
 K - a wand of clouds (7)
Scrolls
 e - 4 scrolls of enchant weapon
 g - 6 scrolls of remove curse
 h - 3 scrolls of blinking
 i - 4 scrolls of amnesia
 m - 3 scrolls of fog
 r - 2 scrolls of enchant armour
 s - 3 scrolls of teleportation
 z - 4 scrolls of magic mapping {unknown}
 C - 2 scrolls of immolation
 I - a scroll of vulnerability {unknown}
 J - a scroll of identify
Potions
 f - 2 potions of heal wounds
 k - 6 potions of brilliance
 l - a potion of agility
 n - a potion of magic {unknown}
 q - 8 potions of flight
 t - a potion of lignification {unknown}
 u - 3 potions of curing {unknown}
 G - 3 potions of might {unknown}
 H - 2 potions of haste
Books
 b - a book of Changes

   Spells                             Type                      Level
   a - Beastly Appendage              Transmutation                1
   b - Sticks to Snakes               Transmutation                2
   c - Spider Form                    Transmutation/Poison         3
   d - Ice Form                       Ice/Transmutation            4
   e - Blade Hands                    Transmutation                5
 j - a book of Minor Magic

   Spells                             Type                      Level
   a - Magic Dart                     Conjuration                  1
   b - Blink                          Translocation                2
   c - Call Imp                       Summoning                    2
   d - Slow                           Hexes                        2
   e - Conjure Flame                  Conjuration/Fire             3
   f - Mephitic Cloud                 Conjuration/Poison/Air       3
Comestibles
 c - 20 rations


   Skills:
 + Level 2.8 Fighting
 + Level 10.1 Dodging
 - Level 10.0 Unarmed Combat
 * Level 6.7 Spellcasting
 - Level 12.1 Transmutations


You had 11 spell levels left.
You knew the following spells:

 Your Spells              Type           Power        Failure   Level  Hunger
a - Beastly Appendage     Tmut           ######       1%          1    None
b - Sticks to Snakes      Tmut           ######..     1%          2    None
c - Spider Form           Tmut/Pois      #####.....   1%          3    None
d - Blade Hands           Tmut           ######....   1%          5    #####..
e - Blink                 Tloc           N/A          10%         2    None


Dungeon Overview and Level Annotations

Branches:
Dungeon (10/15)            Temple (0/1) D:4            Lair (1/6) D:9
    Orc (0/2) D:10

Altars:
Ashenzari
Cheibriados
Dithmenos
Elyvilon
Gozag
Kikubaaqudgha
Makhleb
Okawaru
Sif Muna
Trog
Wu Jian
Yredelemnul
The Shining One

Shops:
D:5 [   D:9 %


Innate Abilities, Weirdness & Mutations

You cannot wear most types of armour.
You are very stealthy in the water. (Stealth+)
You are amphibious.
You can wear up to eight rings at the same time.
You can use your tentacles to constrict eight enemies at once.
Your skin changes colour to match your surroundings (Stealth+).
Your rubbery body absorbs attacks. (AC +1, EV +1)


Message History

The seven-headed hydra bites you. The seven-headed hydra misses you.
The seven-headed hydra closely misses you.
There is a staircase back to the Dungeon, spattered with blood here.
The seven-headed hydra bites you.
The seven-headed hydra closely misses you.
The seven-headed hydra bites you. The seven-headed hydra bites you!
* * * LOW HITPOINT WARNING * * *
The seven-headed hydra closely misses you. x2
The seven-headed hydra bites you.
* * * LOW HITPOINT WARNING * * *
You climb upwards.
Welcome back to the Dungeon!
There is a staircase to the Lair here.
Casting: Sticks to Snakes
Confirm with . or Enter, or press ? or * to list all spells.
You miscast Blink.
You are very lightly contaminated with residual magic.
You catch a glimpse of the back of your own head.
The seven-headed hydra barely misses you.
The seven-headed hydra misses you. The seven-headed hydra bites you!
You die...

......#####............#.........
............##.........#.........
......#######..........##........
......# #.......#...#####'####
#.##### #.......#.### #.# #...#
##....#....# #.# ###.#
#..........# #.# ###'###
#....[..#..# ###.####
......#####.....@....# #.......
......'.......#D.....#####.......
......###.<....###...............
.<..<.# #####...#...[#####.......
......# ##........# #.......
......# #.........# #.......
####'## ###......## #....... #..#
###..### ##.##### ##.# #.## #(##


You could see a seven-headed hydra.

Vanquished Creatures
  Erolcha (D:10)
  A two-headed ogre (D:8)
  3 death yaks
  An unseen horror (D:7)
  Pikel (D:5)
  An ugly thing (D:8)
  A black mamba (D:9)
  A gargoyle (D:10)
  A spiny frog (Lair:1)
  A troll (D:10)
  6 blink frogs
  7 yaks
  A wraith (D:10)
  4 hogs (D:7)
  A human (D:7)
  2 water moccasins (D:9)
  A porcupine (Lair:1)
  2 orc warriors (D:7)
  4 sky beasts
  7 ice beasts
  A black bear (D:7)
  A necrophage (D:8)
  2 phantoms
  3 ogres
  4 centaurs
  2 elf zombies (Ossuary)
  2 big kobolds
  10 bullfrogs
  6 scorpions
  20 killer bees
  8 wights
  6 howler monkeys
  5 crimson imps
  3 bullfrog zombies (D:9)
  2 quasits
  4 hounds
  4 jellies
  A human zombie (Ossuary)
  2 centaur skeletons
  3 orc priests
  A gnoll shaman (D:6)
  6 orc wizards
  2 bullfrog skeletons
  An iron imp (D:7)
  7 worker ants
  2 big kobold zombies (Ossuary)
  A hound zombie (Ossuary)
  4 mummies (Ossuary)
  A howler monkey zombie (D:5)
  12 gnolls
  11 adders
  5 river rats
  2 adder zombies
  An adder skeleton (D:4)
  2 worms
  5 dart slugs
  3 leopard geckos
  43 orcs
  A ball python (D:6)
  4 giant cockroaches
  6 goblins
  12 hobgoblins
  9 jackals
  5 quokkas
  A ball python skeleton (D:4)
  10 bats
  5 frilled lizards
  2 gnoll zombies (Ossuary)
  A goblin zombie (Ossuary)
  A jackal zombie (D:9)
  3 kobolds (Sewer)
  A kobold zombie (Ossuary)
  2 quokka skeletons
  3 quokka zombies
  12 rats
323 creatures vanquished.

Vanquished Creatures (collateral kills)
  A two-headed ogre (D:8)
  An ugly thing (D:9)
  A yak (D:9)
  An orc wizard (D:9)
  An orc (D:8)
5 creatures vanquished.

Vanquished Creatures (others)
  An orc wizard (D:5)
  3 orcs (D:5)
  A gnoll zombie (Ossuary)
5 creatures vanquished.

Grand Total: 333 creatures vanquished

Notes
Turn   | Place    | Note
-------+----------+-------------------------------------------
     0 | D:1      | Ivernyr the Octopode Transmuter began the quest for the Orb.
     0 | D:1      | Reached XP level 1. HP: 13/13 MP: 3/3
    70 | D:1      | Reached XP level 2. HP: 18/18 MP: 5/5
   240 | D:1      | Learned a level 2 spell: Sticks to Snakes
   705 | D:1      | Reached XP level 3. HP: 21/23 MP: 6/6
   728 | D:1      | Learned a level 3 spell: Spider Form
  1259 | D:2      | Reached skill level 3 in Transmutations
  1462 | D:2      | Found a bloodstained altar of Trog.
  1568 | D:2      | Reached XP level 4. HP: 28/28 MP: 3/7
  2319 | D:3      | Reached XP level 5. HP: 25/33 MP: 6/8
  2657 | D:3      | Reached skill level 4 in Transmutations
  2907 | D:4      | Noticed an ogre
  2953 | D:4      | Killed an ogre
  2953 | D:4      | Reached XP level 6. HP: 16/38 MP: 6/9
  3266 | D:4      | Reached skill level 5 in Transmutations
  3574 | D:4      | Reached XP level 7. HP: 43/43 MP: 4/10
  3779 | D:4      | Found a shattered altar of Ashenzari.
  3827 | D:4      | Found a staircase to the Ecumenical Temple.
  4132 | D:4      | Reached skill level 6 in Transmutations
  4178 | D:4      | Reached skill level 5 in Unarmed Combat
  4262 | D:5      | Entered Level 5 of the Dungeon
  4486 | D:5      | Found a glowing drain.
  4492 | Sewer    | Entered a sewer
  4511 | Sewer    | Reached XP level 8. HP: 43/48 MP: 8/11
  4668 | Sewer    | Found a white marble altar of Elyvilon.
  5131 | D:5      | Reached skill level 5 in Dodging
  5142 | D:5      | Found an ancient bone altar of Kikubaaqudgha.
  5143 | D:5      | Found a white marble altar of Elyvilon.
  5163 | D:5      | Found Vylok's Antique Armour Shop.
  5286 | D:5      | Found an iron altar of Okawaru.
  5288 | D:5      | Found an ornate altar of the Wu Jian Council.
  5350 | D:5      | Found a burning altar of Makhleb.
  5427 | D:5      | Reached skill level 7 in Transmutations
  5616 | D:5      | Noticed Pikel
  5632 | D:5      | Killed Pikel
  5632 | D:5      | Reached skill level 8 in Transmutations
  5632 | D:5      | Reached XP level 9. HP: 37/53 MP: 9/12
  5789 | D:5      | Found a shadowy altar of Dithmenos.
  7041 | D:6      | Reached skill level 9 in Transmutations
  7499 | D:7      | Found a basalt altar of Yredelemnul.
  7501 | D:7      | Noticed a profane servitor
  7510 | D:7      | Found a glowing golden altar of the Shining One.
  8711 | D:7      | Reached skill level 10 in Transmutations
  8711 | D:7      | Reached XP level 10. HP: 44/58 MP: 10/13
  8728 | D:7      | Got an ancient granite ring
  8843 | D:7      | Identified the ring of Unkigros {MR+ Int+5} (You found it on level 7 of the Dungeon)
  9430 | D:7      | Killed an unseen horror
  9782 | D:7      | Found a snail-covered altar of Cheibriados.
  9888 | D:7      | Noticed an angel
 10007 | D:8      | Found a sand-covered staircase.
 10011 | Ossuary  | Entered an ossuary
 10474 | Ossuary  | Learned a level 5 spell: Blade Hands
 10506 | D:8      | Reached skill level 11 in Transmutations
 10571 | D:8      | Found an opulent altar of Gozag.
 10770 | D:8      | Noticed a two-headed ogre
 10789 | D:8      | Noticed a brown ugly thing
 11690 | D:8      | Noticed a two-headed ogre
 11706 | D:8      | Killed a two-headed ogre
 11845 | D:8      | Killed a brown ugly thing
 11845 | D:8      | Reached XP level 11. HP: 63/63 MP: 8/14
 11923 | D:8      | Killed a two-headed ogre
 12154 | D:8      | Learned a level 2 spell: Blink
 12285 | D:9      | Found a deep blue altar of Sif Muna.
 12286 | D:9      | Noticed a red ugly thing
 12294 | D:9      | Killed a red ugly thing
 12305 | D:9      | Noticed a death yak
 12305 | D:9      | Noticed a death yak
 12343 | D:9      | Noticed a death yak
 12903 | D:8      | Killed a death yak
 12903 | D:8      | Reached skill level 12 in Transmutations
 13197 | D:9      | Found a staircase to the Lair.
 13548 | D:9      | Found Hutti's Food Emporium.
 14018 | D:9      | Killed a death yak
 14248 | D:9      | Killed a death yak
 14354 | D:10     | Entered Level 10 of the Dungeon
 14385 | D:10     | Found an ancient bone altar of Kikubaaqudgha.
 14666 | D:10     | Found a staircase to the Orcish Mines.
 14744 | D:10     | Reached skill level 5 in Spellcasting
 15734 | D:10     | Reached skill level 10 in Unarmed Combat
 15812 | D:10     | Noticed Erolcha
 15839 | D:10     | Killed Erolcha
 15839 | D:10     | Reached XP level 12. HP: 52/69 MP: 12/20
 16114 | Lair:1   | Entered Level 1 of the Lair of Beasts
 16648 | Lair:1   | Reached skill level 10 in Dodging
 16889 | Lair:1   | Noticed a seven-headed hydra
 17354 | D:9      | Slain by a seven-headed hydra

Skill      XL: |  1  2  3  4  5  6  7  8  9 10 11 12 |
---------------+-------------------------------------+-----
Transmutations | 3 4 5 6 8 10 11 12 | 12.1
Dodging        | 3 4 5 7 8 9 10 | 10.1
Unarmed Combat | 4 5 6 7 8 10 | 10.0
Spellcasting   | 5 6 |  6.7
Fighting       | 2 |  2.8

Action                   |  1- 3 |  4- 6 |  7- 9 | 10-12 || total
-------------------------+-------+-------+-------+-------++-------
Melee: Unarmed           |    85 |   125 |   382 |   645 ||  1237
       Kick              |     3 |     2 |       |       ||     5
       Constrict         |    24 |    14 |    29 |    18 ||    85
       Tentacles         |    10 |     6 |    24 |    19 ||    59
       Punch             |     1 |     1 |     4 |     5 ||    11
 Cast: Beastly Appendage |     1 |     3 |       |       ||     4
       Spider Form       |     1 |     7 |    31 |    48 ||    87
       Sticks to Snakes  |       |       |       |    22 ||    22
       Blink             |       |       |       |     5 ||     5
  Use: Scroll            |       |       |     2 |    13 ||    15
       Potion            |       |       |       |     1 ||     1
 Stab: Sleeping          |     6 |     8 |     9 |     5 ||    28
       Distracted        |       |       |       |     3 ||     3
  Eat: Chunk             |     2 |     7 |    21 |    14 ||    44
       Ration            |       |       |       |     5 ||     5
Armor: Skin              |    10 |     5 |    13 |    15 ||    43
Dodge: Dodged            |    57 |   104 |   292 |   721 ||  1174
